 Dungeon Crawl Stone Soup version 0.24-a0-616-ge2a249a6fd (webtiles) character file.

Game seed: 4993940241158984370, levelgen mode: deterministic

36 NaXX the Sneak (level 3, -7/28 HPs)
             Began as a Naga Wizard on Sept 14, 2019.
             Mangled by an ogre
             ... wielding a +0 giant club
              (15 damage)
             ... on level 2 of the Dungeon.
             The game lasted 00:21:16 (2074 turns).

NaXX the Sneak (Naga Wizard)                        Turns: 2074, Time: 00:21:17

Health: -7/28      AC:  2    Str:  9    XL:     3   Next: 37%
Magic:  4/7        EV: 10    Int: 19    God:
Gold:   95         SH:  0    Dex:  9    Spells: 2/8 levels left

rFire    . . .     SeeInvis +   A - +3 whip (freeze)
rCold    . . .     Gourm    .   (no shield)
rNeg     . . .     Faith    .   o - +0 robe
rPois    +         Spirit   .   b - +0 hat
rElec    .         Reflect  .   (no cloak)
rCorr    .         Harm     .   (no gloves)
MR       .....                  (no barding)
Stlth    +++.......             (no amulet)
HPRegen  0.09/turn              (no ring)
MPRegen  0.10/turn              (no ring)

@: about to teleport, very slow
A: large, see invisible, deformed body, poison resistance, slowness 2, slow
metabolism 1, spit poison 1, AC +1
a: Spit Poison


You were on level 2 of the Dungeon.
You were hungry.

You visited 1 branch of the dungeon, and saw 2 of its levels.

You collected 95 gold pieces.

Inventory:

Hand Weapons
 e - a +0 mace
 h - a +0 short sword
 v - a +0 spear
 x - a +0 hand axe
 A - a +3 whip of freezing (weapon)
Missiles
 a - 46 bolts
 j - 21 stones (quivered)
 n - 6 silver javelins
 r - 15 arrows
 w - 22 sling bullets
Armour
 b - a +0 hat (worn)
 l - a +0 leather armour
 o - a +0 robe (worn)
 p - a +0 ring mail
 t - a scarf of spirit shield
Scrolls
 c - a scroll of remove curse
 f - a scroll of enchant armour
 k - a scroll of identify
Potions
 g - a potion of ambrosia {unknown}
 i - a potion of brilliance {unknown}
 m - a potion of degeneration {unknown}
 q - a potion of resistance {unknown}
 s - a potion of invisibility {unknown}
 u - a potion of lignification {unknown}
 z - a potion of heal wounds {unknown}
 C - a potion of might {unknown}
Comestibles
 d - 3 rations


   Skills:
 - Level 1.5 Dodging
 - Level 5.0 Stealth
 - Level 3.0 Spellcasting
 - Level 2.0 Conjurations
 - Level 1.0 Summonings
   Level 1.0 Translocations
 + Level 0.1 Fire Magic


You had 2 spell levels left.
You knew the following spells:

 Your Spells              Type           Power        Failure   Level  Hunger
a - Magic Dart            Conj           ##..         7%          1    None
b - Call Imp              Summ           #.......     16%         2    ##.....
c - Conjure Flame         Conj/Fire      #.......     30%         3    ###....

Your spell library contained the following spells:

 Spells                   Type           Power        Failure   Level  Hunger
 Blink                    Tloc           N/A          16%         2    ##.....
 Slow                     Hex            #.......     22%         2    ##.....
 Mephitic Cloud           Conj/Pois/Air  #.......     34%         3    ###....


Dungeon Overview and Level Annotations

Branches:
Dungeon (2/15)

Altars:


Innate Abilities, Weirdness & Mutations

You cannot wear boots.
Your serpentine skin is tough. (AC +1)
You have supernaturally acute eyesight. (SInv)
Armour fits poorly on your strangely shaped body.
Your system is resistant to poisons. (rPois)
You cover ground very slowly.
You have a slow metabolism.
You can spit poison.


Message History

It is a scroll of identify.
f - a scroll of enchant armour You have got your breath back.
As you read the scroll labeled KOPHAU GIYSANO, it crumbles to dust.
It is a scroll of amnesia.
Really abort (and waste the scroll)? [Y]es or [N]o only, please.
Really abort (and waste the scroll)?
Okay, then.
The ogre hits you with a +0 giant club!!
Ouch! That really hurt!
* * * LOW HITPOINT WARNING * * *
As you read the scroll labeled ZOEL GOFOIWK, it crumbles to dust.
You feel strangely unstable.
It was a scroll of teleportation.
The adder closely misses your crimson imp.
Your crimson imp hits the ogre.
The adder barely misses your crimson imp.
The ogre hits you with a +0 giant club!
Ouch! That really hurt!
You die...

###.###.####.###
.............#.. #.
###..........#.. #.#
#..........### ..
#.............
#.#####.######.....#
#.#.....# #.....#
#.......# #.....#
##.@)...# #.....#
######.O....#
#######
#....))5....#
#......S....#
#...........#
#...........#
##.......(..#
............#
......!......#


You could see an ogre, an adder and a friendly crimson imp.

Vanquished Creatures
  An ooze (D:1)
  A leopard gecko (D:1)
  4 bats
  A giant cockroach (D:1)
  4 goblins
  5 hobgoblins
  3 jackals (D:1)
  2 frilled lizards (D:1)
  4 kobolds
  4 rats (D:1)
29 creatures vanquished.

Vanquished Creatures (collateral kills)
  A jackal (D:1)
1 creature vanquished.

Grand Total: 30 creatures vanquished

Notes
Turn   | Place    | Note
-------+----------+-------------------------------------------
     0 | D:1      | NaXX the Naga Wizard began the quest for the Orb.
     0 | D:1      | Reached XP level 1. HP: 15/15 MP: 4/4
   318 | D:1      | Reached skill level 4 in Stealth
   329 | D:1      | Reached XP level 2. HP: 22/22 MP: 0/6
   333 | D:1      | Learned a level 2 spell: Call Imp
   794 | D:1      | Reached skill level 5 in Stealth
  1214 | D:1      | Reached XP level 3. HP: 28/28 MP: 3/7
  1219 | D:1      | Learned a level 3 spell: Conjure Flame
  2066 | D:2      | Noticed an ogre
  2074 | D:2      | Mangled by an ogre

Levels and vault maps discovered:
D:1:      dpeg_arrival_triangle_fractal, layout_rooms
D:2:      layout_basic, makhleb_grotto_becter, first_ration

Skill      XL: |  1  2  3 |
---------------+----------+-----
Stealth        | 4 5 |  5.0
Conjurations   | 2 |  2.0
Dodging        | |  1.5
Spellcasting   | |  3.0
Summonings     | |  1.0
Translocations | |  1.0
Fire Magic     | |  0.1

Action                   || total
-------------------------++-------
Melee: Mace              ||     5
       Whip              ||     3
 Cast: Magic Dart        ||    48
       Call Imp          ||     7
 Abil: Spit Poison       ||    22
  Use: Scroll            ||     4
  Eat: Chunk             ||     3
Armor: Robe              ||     5
Dodge: Dodged            ||    17

Table legend:
 A = Non-vault XP
 B = Vault XP
 C = Vault XP percentage of total XP
 D = Non-vault monster count
 E = Vault monster count
 F = Vault count percentage of total count
                 A         B        C        D         E       F
            +---------+---------+-------+---------+---------+-------
      Total |      52 |       0 |   0.0 |      30 |       0 |   0.0
            +---------+---------+-------+---------+---------+-------
        D:1 |      41 |       0 |   0.0 |      22 |       0 |   0.0
        D:2 |      11 |       0 |   0.0 |       8 |       0 |   0.0
            +---------+---------+-------+---------+---------+-------
